AoeStats
← Mito

Arena

505328193Analyzed
3v3 RM · 24d ago on Sep 8, 2026· 62m 53s· 6 players
Game mode
Random Map
Map size
Normal (6 player)
Population
200
Speed
Normal
Resources
Standard
Victory
Conquest
Starting age
Dark Age
Ending age
Imperial Age
RankedLock teamsTeams togetherTeam positionsShared explorationLock speedFull tech treeHidden civsTurbo modeCheats
Victory
Defeat
🇹🇷 Franks · Türkiye
1041
+16
🇹🇷 Khmer · Türkiye
1034
+17
🇹🇷 Britons · Türkiye
935
+21
🇨🇴 Celts · Colombia
1137
-22
🇨🇴 Italians · Colombia
1027
-17
🇨🇴 Armenians · Colombia
981
-15
Hakim
10:59 Feudal Age
10:23 Loom
16:30 Castle Age
15:00 Double-Bit Axe
18:05 Bow Saw
24:18 Husbandry
25:01 Scale Mail Armor
25:12 Crossbowman
26:18 Fletching
26:30 Padded Archer Armor
31:41 Imperial Age
29:50 Wheelbarrow
30:51 Forging
30:46 Scale Barding Armor
32:15 Cavalier
34:29 Iron Casting
34:15 Chain Barding Armor
34:27 Masonry
34:28 Fortified Wall
34:35 Paladin
36:19 Blast Furnace
35:34 Stone Mining
35:38 Gold Mining
37:46 Plate Barding Armor
37:34 Murder Holes
38:56 Conscription
38:37 Chivalry
40:16 Gold Shaft Mining
48:03 Bodkin Arrow
48:25 Leather Archer Armor
55:00 Capped Ram
60:01 Ballistics
62:52 Architecture
62:28 Siege Engineers
Mito
9:28 Feudal Age
10:12 Double-Bit Axe
16:05 Horse Collar
16:39 Fletching
17:41 Wheelbarrow
16:52 Loom
21:11 Gold Mining
21:12 Stone Mining
24:59 Castle Age
23:39 Padded Archer Armor
25:52 Bodkin Arrow
26:12 Leather Archer Armor
25:30 Crossbowman
33:00 Ballistics
33:20 Pikeman
36:00 Heated Shot
36:17 Siphons
38:59 Bow Saw
38:37 Town Watch
43:33 Heavy Plow
44:05 Hand Cart
54:21 Imperial Age
56:55 Arbalester
58:48 Bracer
61:26 Chemistry
61:33 Chemistry
59:56 Capped Ram
61:08 Ring Archer Armor
61:53 Gold Shaft Mining
62:26 Two-Man Saw
AXRINN
7:27 Loom
11:01 Feudal Age
15:45 Castle Age
16:55 Double-Bit Axe
17:02 Horse Collar
21:37 Husbandry
21:53 Bloodlines
26:28 Crossbowman
38:03 Fletching
40:18 Heavy Plow
40:23 Padded Archer Armor
50:48 Imperial Age
53:14 Imperial Age
53:05 Bow Saw
53:45 Wheelbarrow
58:13 Crop Rotation
59:34 Gold Mining
61:41 Hand Cart
61:59 Bodkin Arrow
62:20 Leather Archer Armor
62:07 Town Watch
63:02 Bracer
63:13 Town Patrol
Iardos
11:00 Feudal Age
12:13 Loom
14:48 Castle Age
13:08 Horse Collar
13:13 Double-Bit Axe
16:21 Heavy Plow
21:36 Scale Mail Armor
21:15 Pikeman
22:51 Gambesons
24:20 Chain Mail Armor
26:05 Forging
28:25 Wheelbarrow
29:20 Bow Saw
30:50 Hand Cart
32:25 Town Watch
32:56 Gold Mining
33:45 Iron Casting
34:50 Stone Mining
40:45 Imperial Age
40:15 Ballistics
43:03 Blast Furnace
42:33 Plate Mail Armor
43:02 Gold Shaft Mining
42:30 Halberdier
43:08 Heavy Scorpion
44:53 Conscription
44:08 Capped Ram
47:25 Chemistry
47:50 Furor Celtica
50:27 Siege Ram
ruasebas
12:27 Feudal Age
17:46 Castle Age
16:29 Double-Bit Axe
16:27 Horse Collar
21:03 Loom
24:51 Bow Saw
24:33 Gold Mining
32:20 Imperial Age
30:11 Padded Archer Armor
30:01 Fletching
31:38 Ballistics
30:57 Elite Skirmisher
33:58 Heavy Plow
34:36 Gold Shaft Mining
35:17 Chemistry
34:40 Conscription
35:30 Leather Archer Armor
35:10 Bodkin Arrow
38:16 Wheelbarrow
38:36 Ring Archer Armor
38:06 Bracer
39:45 Elite Composite Bowman
42:08 Crossbowman
42:15 Pikeman
42:55 Squires
42:43 Gambesons
43:36 Halberdier
47:25 Hand Cart
48:45 Fereters
54:52 Scale Mail Armor
55:02 Forging
58:10 Chain Mail Armor
58:31 Iron Casting
Ragnar
5:30 Loom
10:39 Feudal Age
13:00 Double-Bit Axe
15:22 Castle Age
15:03 Fletching
15:38 Stone Mining
24:20 Padded Archer Armor
27:06 Thumb Ring
29:36 Leather Archer Armor
31:05 Bodkin Arrow
38:37 Imperial Age
37:26 Gold Mining
39:04 Town Watch
39:55 Wheelbarrow
43:32 Ballistics
43:08 Murder Holes
46:44 Chemistry
46:49 Bracer
47:20 Ring Archer Armor
51:31 Stone Shaft Mining
Connection lost

Rejoining the realm…

Still unreachable

The connection could not be restored.

Session expired

The server has moved on; the page needs a fresh start.